 Dungeon Crawl Stone Soup version 0.27.0-1-g7a089689b8 (webtiles) character file.

Game seed: 15039665822913191824

3881 SnakkuSnakku7 the Cleaver (level 10, -1/51 HPs)
             Began as a Vine Stalker Berserker on Aug 11, 2021.
             Was an Elder of Trog.
             Slain by a deep elf pyromancer (5 damage)
             ... on level 8 of the Dungeon.
             The game lasted 00:07:37 (4606 turns).

SnakkuSnakku7 the Cleaver (Vine Stalker Berserker)  Turns: 4606, Time: 00:07:38

Health: -1/51      AC: 11    Str: 23    XL:     10   Next: 19%
Magic:  0/11       EV:  8    Int:  7    God:    Trog [****..]
Gold:   54         SH:  0    Dex: 14    Spells: 9/9 levels left

rFire    . . .     SeeInvis +   a - +0 war axe
rCold    + . .     Faith    .   (no shield)
rNeg     . . .     Spirit   +   C - +1 chain mail {rC+}
rPois    .         Reflect  .   k - +2 hat
rElec    .         Harm     .   D - scarf {shadows}
rCorr    +         Rampage  .   (no gloves)
Will     +....                  (no boots)
Stlth    ..........             (no amulet)
HPRegen  1.17/turn              h - ring of resist corrosion
MPRegen  0.12/turn              r - ring of see invisible

@: on berserk cooldown, slowed, very slow
A: fangs 3, regeneration 1, magic shield, antimagic bite, no potion heal 2
a: Renounce Religion, Berserk, Trog's Hand, Brothers in Arms


You were on level 8 of the Dungeon.
You worshipped Trog.
Trog was greatly pleased with you.
You visited 1 branch of the dungeon, and saw 8 of its levels.

You collected 323 gold pieces.
You spent 269 gold pieces at shops.

Inventory:

Hand Weapons
 a - a +0 war axe (weapon)
 j - a +0 hand axe
Armour
 b - a +0 animal skin
 k - a +2 hat (worn)
 C - a +1 chain mail of cold resistance (worn)
 D - a scarf of shadows (worn)
Jewellery
 h - a ring of resist corrosion (left hand)
 l - a ring of fire
 r - a ring of see invisible (right hand)
 u - a +6 ring of intelligence
Wands
 i - a wand of digging (2)
 w - a wand of acid (5)
Scrolls
 c - 3 scrolls of magic mapping
 d - a scroll of noise {unknown}
 e - a scroll of identify
 q - 2 scrolls of teleportation
 v - a scroll of torment {unknown}
 x - 2 scrolls of blinking
 y - a scroll of immolation {unknown}
 z - a scroll of fog {unknown}
 B - a scroll of fear {unknown}
Potions
 f - 3 potions of lignification {unknown}
 g - a potion of might {unknown}
 m - 3 potions of flight {unknown}
 n - a potion of heal wounds {unknown}
 o - a potion of attraction
 p - 3 potions of ambrosia {unknown}
 s - a potion of resistance
 t - a potion of berserk rage {unknown}
 A - 2 potions of invisibility {unknown}


   Skills:
 - Level 5.0 Fighting
 + Level 12.4 Axes
 - Level 1.5 Armour
 - Level 1.5 Dodging


You had 9 spell levels left.
You didn't know any spells.
Your spell library was empty.

Dungeon Overview and Level Annotations

Branches:
Dungeon (8/15)             Temple (0/1) D:6
   Lair: D:8-11

Altars:
Cheibriados
Kikubaaqudgha
Ru
Sif Muna
Uskayaw
Zin

Shops:
D:6 =*?


Innate Abilities, Weirdness & Mutations

You have razor-sharp teeth.
Your natural rate of healing is unusually fast.
When hurt, damage is shared between your health and your magic reserves.
Your bite disrupts and absorbs the magic of your enemies.
Potions cannot restore your health.


Message History

The deep elf pyromancer blinks!
The deep elf pyromancer casts a spell.
You feel your anger nearly subside.
You are no longer berserk.
You are exhausted.
You feel yourself slow down.
The deep elf pyromancer completely misses you.
You slash the deep elf pyromancer!
Your bite misses the deep elf pyromancer.
The deep elf pyromancer is moderately wounded.
The fire elemental hits you. The fire elemental burns you!
The deep elf pyromancer barely misses you.
You hit the deep elf pyromancer. You bite the deep elf pyromancer.
The deep elf pyromancer's magic leaks into the air.
You drain its magic.
You feel invigorated.
The deep elf pyromancer is heavily wounded.
You completely miss the fire elemental. The fire elemental hits you.
The fire elemental burns you!
The deep elf pyromancer hits you with a +1 vampiric long sword.
The deep elf pyromancer draws strength from your wounds!
The fire elemental hits you. The fire elemental burns you!
You closely miss the deep elf pyromancer.
Your bite misses the deep elf pyromancer.
The deep elf pyromancer is heavily wounded.
You closely miss the fire elemental. The fire elemental hits you.
The fire elemental burns you!
The deep elf pyromancer hits you with a +1 vampiric long sword.
The deep elf pyromancer draws strength from your wounds!
The fire elemental hits you. The fire elemental burns you!
* * * LOW HITPOINT WARNING * * *
You are too injured to fight recklessly!
You miss the deep elf pyromancer.
Your bite misses the deep elf pyromancer.
The deep elf pyromancer is moderately wounded.
Your chain mail prevents you from hitting the fire elemental.
The deep elf pyromancer hits you with a +1 vampiric long sword.
* * * LOW HITPOINT WARNING * * *
The fire elemental hits you. The fire elemental burns you!
* * * LOW HITPOINT WARNING * * *
The deep elf pyromancer hits you with a +1 vampiric long sword.
You die...

#.#....+....# #.#
#.....##....######.#
##...##...........#
#.......###########
#..#.##.# #.....#.#
#..#..#.#
#..#.†#+#####
#.......@e..#
##..>#..E...#
#.#.#......#
#.........##
###.####### ... ##


You could see a deep elf pyromancer and a fire elemental (summoned).

Vanquished Creatures
  A komodo dragon (D:7)
  Grinder (D:3)
  5 humans (D:7)
  2 water moccasins
  Duvessa (D:7)
  An orc warrior (D:6)
  2 sky beasts (D:5)
  2 ice beasts
  5 ogres
  A necrophage (D:7)
  A centaur (D:6)
  A phantom (D:4)
  Blork the orc (D:5)
  2 scorpions (D:5)
  A bullfrog (D:6)
  Dowan (D:7)
  A water moccasin skeleton (D:5)
  4 killer bees (D:8)
  A howler monkey (D:3)
  A bullfrog zombie (D:6)
  2 orc priests
  A centaur skeleton (D:6)
  A hound (D:5)
  Crazy Yiuf (D:3)
  3 iguanas
  6 orc wizards
  Natasha (thrice) (D:3)
  A killer bee zombie (D:5)
  A howler monkey zombie (D:6)
  7 gnolls
  5 adders
  A white imp (D:7)
  An ufetubus (D:2)
  4 worms
  A dart slug (D:1)
  19 orcs
  6 bats
  5 endoplasms
  3 giant cockroaches
  5 goblins
  6 hobgoblins
  12 jackals
  6 kobolds
  7 quokkas
  5 ball pythons
  3 frilled lizards (D:2)
  4 rats
154 creatures vanquished.

Vanquished Creatures (others)
  A human (D:6)
1 creature vanquished.

Grand Total: 155 creatures vanquished

Notes
Turn   | Place    | Note
-------+----------+-------------------------------------------
     0 | D:1      | SnakkuSnakku7 the Vine Stalker Berserker began the quest
                  | for the Orb.
     0 | D:1      | Reached XP level 1. HP: 11/11 MP: 2/2
   244 | D:1      | Reached skill level 3 in Axes
   244 | D:1      | Reached XP level 2. HP: 8/16 MP: 3/3
   517 | D:1      | Reached XP level 3. HP: 20/20 MP: 2/4
   639 | D:1      | Reached ** piety under Trog
   873 | D:2      | Gained mutation: Your natural rate of healing is unusually
                  | fast. [Vine Stalker growth]
   873 | D:2      | Reached XP level 4. HP: 25/25 MP: 5/5
   933 | D:2      | Noticed an ogre
   940 | D:2      | Killed an ogre
   941 | D:2      | Reached skill level 4 in Axes
   941 | D:2      | Reached XP level 5. HP: 29/29 MP: 6/6
  1530 | D:3      | Found a faded altar of an unknown god.
  1539 | D:3      | Reached XP level 6. HP: 34/34 MP: 7/7
  1572 | D:3      | Noticed Grinder
  1582 | D:3      | Killed Grinder
  1583 | D:3      | Reached skill level 5 in Fighting
  1583 | D:3      | Reached skill level 5 in Axes
  1602 | D:3      | Reached XP level 7. HP: 32/39 MP: 6/8
  1664 | D:3      | Reached skill level 6 in Axes
  1668 | D:3      | Noticed Natasha
  1677 | D:3      | Killed Natasha
  1677 | D:3      | Reached *** piety under Trog
  1743 | D:3      | Found a transporter.
  1745 | D:3      | Found a sacrificial altar of Ru.
  1756 | D:3      | Found a transporter.
  1783 | D:3      | Reached skill level 7 in Axes
  1909 | D:3      | Found a snail-covered altar of Cheibriados.
  1925 | D:3      | Noticed Natasha
  1929 | D:3      | Killed Natasha
  2080 | D:3      | Found a runed translucent door.
  2081 | D:3      | Noticed Crazy Yiuf
  2259 | D:3      | Killed Crazy Yiuf
  2283 | D:3      | Noticed Natasha
  2289 | D:3      | Killed Natasha
  2290 | D:3      | Gained mutation: You have razor-sharp teeth. [Vine Stalker
                  | growth]
  2290 | D:3      | Reached XP level 8. HP: 43/43 MP: 9/9
  2411 | D:4      | Found a hide-covered altar of Uskayaw.
  2709 | D:4      | Reached skill level 8 in Axes
  2712 | D:4      | Noticed an angel
  2715 | D:4      | Found a glowing silver altar of Zin.
  2893 | D:5      | Entered Level 5 of the Dungeon
  2911 | D:5      | Noticed Blork the orc
  2921 | D:5      | Killed Blork the orc
  2929 | D:5      | Reached **** piety under Trog
  3059 | D:5      | Reached skill level 9 in Axes
  3431 | D:6      | Reached XP level 9. HP: 37/47 MP: 7/10
  3436 | D:6      | Found an ancient bone altar of Kikubaaqudgha.
  3454 | D:6      | Found Foucec's Assorted Antiques.
  3467 | D:6      | Bought a runed chain mail for 180 gold pieces
  3467 | D:6      | Bought a scroll labelled WABBAI AV POUWU for 24 gold pieces
  3491 | D:6      | Found a staircase to the Ecumenical Temple.
  3506 | D:6      | Reached skill level 10 in Axes
  3514 | D:6      | Found Yleanudiwn's Jewellery Boutique.
  3836 | D:6      | Found Jenalanwe's Magic Scroll Shoppe.
  3839 | D:6      | Bought a scroll of teleportation for 39 gold pieces
  3840 | D:6      | Bought a scroll of identify for 26 gold pieces
  3938 | D:7      | Noticed Dowan
  3940 | D:7      | Noticed Duvessa
  3945 | D:7      | Killed Duvessa
  3948 | D:7      | Killed Dowan
  3965 | D:7      | Noticed a komodo dragon
  4036 | D:7      | Killed a komodo dragon
  4037 | D:7      | Reached skill level 11 in Axes
  4174 | D:7      | Reached skill level 12 in Axes
  4174 | D:7      | Reached XP level 10. HP: 16/51 MP: 8/11
  4270 | D:7      | Found a shimmering blue altar of Sif Muna.
  4592 | D:8      | Noticed a deep elf pyromancer
  4606 | D:8      | Slain by a deep elf pyromancer

Illustrated notes

Levels and vault maps discovered:
D:1:      arrival_zaba_pyramid, layout_basic, hangedman_decor_growths
D:2:      layout_loops_ring
D:3:      layout_loops_ring, gammafunk_temple_overflow_arena,
          cheibriados_altar_1, ebering_ecumenical_altar_ruins, minmay_unequal,
          uniq_grinder, uniq_crazy_yiuf_cottage, uniq_natasha
D:4:      layout_cave_pools, zin_angel, nicolae_uskayaw_suspiria,
          nicolae_underground_beach
D:5:      layout_basic, dk_noncrumbling_4, uniq_blork_the_orc
D:6:      layout_cave_pools, tgw_kikubaaqudgha, minmay_temple_entry_slanted,
          serial_shops, shop, kennysheep_mini_moat, shop, minmay_misc_feat_iff
D:7:      layout_rooms, lemuel_blue_sif_altar, chequers_serial_rivers_small_3,
          minmay_ruffians, uniq_duvessa
D:8:      kennysheep_steamy, layout_basic, makhleb_altar_promises_db,
          nemelex_spade_bored_becter

Skill      XL: |  1  2  3  4  5  6  7  8  9 |
---------------+----------------------------+-----
Fighting       | 3 4 5 |  5.0
Axes           | 3 4 5 7 9 12 | 12.4
Armour         | |  1.5
Dodging        | |  1.5

Action                   |  1- 3 |  4- 6 |  7- 9 | 10-12 || total
-------------------------+-------+-------+-------+-------++-------
Melee: Hand axe          |    76 |    99 |     7 |       ||   182
       Bite              |    23 |    26 |    72 |     7 ||   128
       War axe           |       |       |   225 |    31 ||   256
Invok: Berserk           |     3 |     3 |     8 |     2 ||    16
       Trog's Hand       |       |     1 |       |       ||     1
  Use: Scroll            |       |       |     5 |       ||     5
Armor: Animal skin       |     7 |       |       |       ||     7
       Chain mail        |    19 |    70 |   113 |    19 ||   221
Dodge: Dodged            |    35 |    61 |   125 |     8 ||   229
